 Dungeon Crawl Stone Soup version 0.30-a0-310-g7d6cbdfea6 (webtiles) character file.

Game seed: 9039271945652601399

177 koil the Sneak (level 5, 0/27 HPs)
             Began as a Spriggan Brigand on Oct 25, 2022.
             Killed by nerve-wracking pain
             ... invoked by an orc priest
              (10 damage)
             ... on level 3 of the Dungeon.
             The game lasted 00:03:13 (1861 turns).

koil the Sneak (Spriggan Brigand)                   Turns: 1861, Time: 00:03:14

Health: 0/27       AC:  3    Str:  7    XL:     5   Next: 30%
Magic:  9/9        EV: 18    Int: 15    God:
Gold:   164        SH:  0    Dex: 16    Spells: 8/8 levels left

rFire   . . .      SeeInvis +    a - +2 dagger
rCold   . . .      Faith    .    (no shield)
rNeg    . . .      Spirit   .    b - +0 robe
rPois   .          Reflect  .    (helmet restricted)
rElec   .          Harm     .    c - +0 cloak
rCorr   .          Rampage  .    (gloves unavailable)
Will    .....                    (boots unavailable)
Stlth   ++++......               (no amulet)
HPRegen 0.24/turn                (no ring)
MPRegen 0.11/turn                (no ring)

@: very quick
A: very small, no large weapons, unfitting armour, see invisible, speed 3
a: no special abilities


You were on level 3 of the Dungeon.
You visited 1 branch of the dungeon, and saw 3 of its levels.

You collected 164 gold pieces.

Inventory:

Hand Weapons
 a - a +2 dagger (weapon)
Missiles
 d - 12 poisoned darts (quivered)
 e - 3 curare-tipped darts
 j - a throwing net
Armour
 b - a +0 robe (worn)
 c - a +0 cloak (worn)
Jewellery
 h - a +6 ring of intelligence
Scrolls
 f - 4 scrolls of identify {unknown}
 g - a scroll of vulnerability {unknown}
 i - 2 scrolls of amnesia {unknown}
 k - a scroll of enchant armour {unknown}
 m - a scroll of brand weapon {unknown}
 o - a scroll of poison {unknown}
Potions
 l - a potion of lignification {unknown}
 n - 3 potions of curing


   Skills:
 + Level 2.4 Fighting
 + Level 3.4 Short Blades
 - Level 2.0 Throwing
 + Level 3.2 Dodging
 + Level 6.9 Stealth
 + Level 2.4 Spellcasting


You had 8 spell levels left.
You didn't know any spells.
Your spell library was empty.

Dungeon Overview and Level Annotations

Branches:
Dungeon (3/15)

Altars:


Innate Abilities, Weirdness & Mutations

You are very small and have problems with some larger weapons.
You are too small for most types of armour.
You have supernaturally acute eyesight. (SInv)
You cover ground extremely quickly. (Speed+++)


Message History

You hit the orc but do no damage.
The orc is severely wounded.
The orc closely misses you.
You hit the orc but do no damage.
The orc is severely wounded.
The orc closely misses you.
You hit the orc but do no damage.
The orc is severely wounded.
You barely miss the orc.
The orc is severely wounded.
The orc priest looks encouraged for a moment.
The orc hits you but does no damage.
You hit the orc but do no damage.
The orc is severely wounded.
The orc priest calls upon Beogh to heal the orc.
The orc's wounds heal themselves!
The orc completely misses you.
You hit the orc but do no damage. The orc misses you.
You hit the orc.
The orc is severely wounded.
The orc closely misses you.
You hit the orc.
You kill the orc!
You hit the orc but do no damage. You hit the orc but do no damage.
The orc hits you with a +0 club.
You barely miss the orc. The orc completely misses you.
You hit the orc but do no damage. The orc hits you with a +0 club.
You hit the orc.
The orc is heavily wounded.
The orc misses you.
You barely miss the orc.
The orc is heavily wounded.
You hit the orc.
You kill the orc!
You hit the orc priest but do no damage.
The orc priest hits you but does no damage.
You hit the orc priest.
The orc priest is lightly wounded.
The orc priest invokes the aid of Beogh against you.
Pain shoots through your body!
You die...

#### # ..#
####.# #o#
#.?.
####@###.#
#.?.)..[.#
#(##.###.#
# #.# #.#
..# #.#
#### #.##
..# #..#
.. #.#
#..###....
#.#
#.........


You could see an orc priest.

Vanquished Creatures
  An ogre (D:3)
  Terence (D:3)
  2 adders (D:2)
  4 orcs (D:3)
  2 ball pythons (D:2)
  4 bats
  6 endoplasms
  A giant cockroach (D:1)
  3 goblins
  5 hobgoblins
  3 jackals (D:2)
  5 quokkas
  4 frilled lizards
  A kobold (D:3)
  4 rats
46 creatures vanquished.

Notes
Turn   | Place    | Note
-------+----------+-------------------------------------------
     0 | D:1      | koil the Spriggan Brigand began the quest for the Orb.
     0 | D:1      | Reached XP level 1. HP: 10/10 MP: 2/2
   285 | D:1      | Reached skill level 6 in Stealth
   342 | D:1      | Reached XP level 2. HP: 15/15 MP: 2/4
   587 | D:1      | Reached skill level 1 in Spellcasting
   981 | D:2      | Reached XP level 3. HP: 10/18 MP: 5/5
  1636 | D:3      | Noticed Terence
  1665 | D:3      | Killed Terence
  1666 | D:3      | Reached XP level 4. HP: 23/23 MP: 7/7
  1690 | D:3      | Noticed an ogre
  1692 | D:3      | Killed an ogre
  1693 | D:3      | Reached XP level 5. HP: 27/27 MP: 7/9
  1861 | D:3      | Killed from afar by an orc priest

Illustrated notes

Levels and vault maps discovered:
D:1:      dpeg_arrival_oval, layout_basic, dreamdust_wishing_well
D:2:      layout_loops_ring
D:3:      layout_loops_cross, minmay_misc_feat_x, uniq_crazy_yiuf_cottage,
          uniq_terence, uniq_robin

Skill      XL: |  1  2  3  4 |
---------------+-------------+-----
Stealth        | 6 |  6.9
Spellcasting   | 1 2 |  2.4
Dodging        | 2 3 |  3.2
Fighting       | 2 |  2.4
Short Blades   | 3 |  3.4
Throwing       | |  2.0

Action                   |  1- 3 |  4- 6 || total
-------------------------+-------+-------++-------
Melee: Dagger            |    97 |    51 ||   148
       Punch             |       |     1 ||     1
Throw: Dart              |     6 |       ||     6
 Stab: Sleeping          |    18 |     5 ||    23
       Distracted        |     1 |       ||     1
Armor: Robe              |     8 |     4 ||    12
Dodge: Dodged            |    48 |    25 ||    73

Table legend: (Time is in decaauts)
 A = Elapsed time spent in this place.
 B = Non-inter-level travel time spent in this place.
 C = Inter-level travel time spent in this place.
 D = Time resting spent in this place.
 E = Time spent auto-exploring this place.
 F = Levels seen in this place.
 G = Mean time per level.
                   A        B        C        D        E       F      G
               +--------+--------+--------+--------+--------+-----+--------+
         Total |   1233 |   1197 |     36 |      0 |    917 |   3 |  411.0 |
       Dungeon |   1233 |   1197 |     36 |      0 |    917 |   3 |  411.0 |
               +--------+--------+--------+--------+--------+-----+--------+

Top non-repeatable levels by time:
     D:1: 551 daAuts
     D:2: 504 daAuts
     D:3: 177 daAuts
